 Dungeon Crawl Stone Soup version 0.28.0-43-g3370ac3207 (webtiles) character file.

Game seed: 5112451192525566558

387 fragbeetle the Changer (level 6, -1/47 HPs)
             Began as a Draconian Transmuter on Mar 9, 2022.
             Slain by Eustachio
             ... wielding a +6 rapier of freezing
              (10 damage)
             ... on level 4 of the Dungeon.
             The game lasted 00:05:29 (4187 turns).

fragbeetle the Changer (Draconian Transmuter)       Turns: 4187, Time: 00:05:30

Health: -1/47      AC:  6    Str: 14    XL:     6   Next: 49%
Magic:  2/9        EV: 12    Int: 13    God:
Gold:   118        SH:  0    Dex: 12    Spells: 1/9 levels left

rFire   . . .      SeeInvis .     - Unarmed
rCold   . . .      Faith    .   (no shield)
rNeg    . . .      Spirit   .   (armour unavailable)
rPois   .          Reflect  .   (helmet restricted)
rElec   .          Harm     .   (no cloak)
rCorr   .          Rampage  .   (no gloves)
Will    .....                   (no boots)
Stlth   +.........              (no amulet)
HPRegen 0.15/turn               (no ring)
MPRegen 0.11/turn               (no ring)

@: very slightly contaminated
A: AC +6, unfitting armour, cold-blooded
a: no special abilities


You were on level 4 of the Dungeon.
You visited 1 branch of the dungeon, and saw 4 of its levels.

You collected 118 gold pieces.

Inventory:

Hand Weapons
 v - a +7 club
Missiles
 d - 150 stones
 s - 2 poisoned darts
Jewellery
 g - an amulet of guardian spirit
 r - an amulet of guardian spirit
Wands
 u - a wand of iceblast (7)
 y - a wand of paralysis (10)
Scrolls
 a - 3 scrolls of magic mapping {unknown}
 f - 3 scrolls of identify {unknown}
 h - 2 scrolls of amnesia {unknown}
 l - 2 scrolls of immolation {unknown}
 m - a scroll of teleportation {unknown}
 n - a scroll of enchant weapon {unknown}
 o - a scroll of silence {unknown}
 x - a scroll of torment {unknown}
 z - a scroll of enchant armour {unknown}
Potions
 b - a potion of haste {unknown}
 c - a potion of mutation {unknown}
 e - 2 potions of curing {unknown}
 i - 2 potions of lignification {unknown}
 j - a potion of flight {unknown}
 k - a potion of brilliance {unknown}
 p - a potion of heal wounds {unknown}
 q - a potion of might {unknown}
 t - a potion of cancellation {unknown}
 w - a potion of ambrosia {unknown}


   Skills:
 - Level 1.1 Fighting
 - Level 1.7 Dodging
 - Level 4.0 Unarmed Combat
 - Level 2.0 Spellcasting
 + Level 6.2 Transmutations
 + Level 1.3 Ice Magic


You had one spell level left.
You knew the following spells:

 Your Spells              Type           Power      Damage    Failure   Level
a - Beastly Appendage     Tmut           34%        N/A       1%          1
b - Spider Form           Tmut/Pois      9%         N/A       22%         3
c - Ice Form              Ice/Tmut       11%        N/A       47%         4

Your spell library contained the following spells:

 Spells                   Type           Power      Damage    Failure   Level
 Wereblood                Tmut           17%        N/A       3%          2


Dungeon Overview and Level Annotations

Branches:
Dungeon (4/15)
 Temple: D:4-7

Altars:

Annotations:
D:3 1 runed translucent door, Crazy Yiuf
D:4 Eustachio


Innate Abilities, Weirdness & Mutations

Your plain brown scales are hard. (AC +6)
You cannot fit into any form of body armour.
You are cold-blooded and may be slowed by cold attacks.


Message History

The helpless Eustachio fails to defend himself.
You hit Eustachio.
Eustachio is moderately wounded.
The helpless Eustachio fails to defend himself.
You hit Eustachio.
Eustachio is moderately wounded.
Eustachio looks more healthy.
The helpless Eustachio fails to defend himself.
You hit Eustachio but do no damage. You tail-slap Eustachio.
Eustachio is heavily wounded.
The helpless Eustachio fails to defend himself.
You hit Eustachio.
Eustachio is heavily wounded.
The helpless Eustachio fails to defend himself.
You hit Eustachio.
Eustachio is heavily wounded.
The helpless Eustachio fails to defend himself.
You hit Eustachio. You tail-slap Eustachio.
Eustachio is heavily wounded.
The helpless Eustachio fails to defend himself.
You hit Eustachio.
Eustachio is severely wounded.
The helpless Eustachio fails to defend himself.
You hit Eustachio. You tail-slap Eustachio.
Eustachio is severely wounded.
Eustachio is no longer paralysed.
Eustachio barely misses you.
You closely miss Eustachio.
Eustachio is severely wounded.
Eustachio hits you with a +6 rapier of freezing.
Eustachio freezes you.
You hit Eustachio.
Eustachio is almost dead.
Eustachio hits you with a +6 rapier of freezing!
* * * LOW HITPOINT WARNING * * *
Eustachio freezes you.
* * * LOW HITPOINT WARNING * * *
You hit Eustachio but do no damage.
Eustachio is almost dead.
Eustachio hits you with a +6 rapier of freezing!
You die...

# ###########.# ## #.
##... .......## # .. ...
#######..## +# .#.#.##.#
..........###. ........#
######........ .#.#.##(#
#....###. #.# #...## +#
#.# #..## # #@# #..# ##
####@########..# ##.
#..............####..
.....##.########........
.#.# #......##.......##
.. #.####..........##
#.# ####......... ..#
##...#.... ####
#...##.##


You could see Eustachio.

Vanquished Creatures
  2 ogres (D:4)
  A hound (D:4)
  Jessica (D:2)
  Ijyb (D:3)
  Terence (D:2)
  Robin (D:3)
  An adder (D:2)
  A gnoll (D:1)
  4 worms
  A dart slug (D:3)
  4 orcs (D:3)
  8 endoplasms
  4 giant cockroaches
  12 goblins
  6 hobgoblins
  2 quokkas (D:1)
  3 ball pythons
  6 bats
  3 frilled lizards
  6 kobolds
  2 rats
70 creatures vanquished.

Vanquished Creatures (others)
  5 plants (D:1)
5 creatures vanquished.

Grand Total: 75 creatures vanquished

Notes
Turn   | Place    | Note
-------+----------+-------------------------------------------
     0 | D:1      | fragbeetle the Draconian Transmuter began the quest for the
                  | Orb.
     0 | D:1      | Reached XP level 1. HP: 16/16 MP: 3/3
   458 | D:1      | Reached XP level 2. HP: 23/23 MP: 3/5
  1470 | D:2      | Reached XP level 3. HP: 24/28 MP: 6/6
  1474 | D:2      | Learned a level 3 spell: Spider Form
  1841 | D:2      | Reached skill level 3 in Transmutations
  1849 | D:2      | Noticed Jessica
  1853 | D:2      | Killed Jessica
  1857 | D:2      | Noticed Terence
  2119 | D:2      | Reached XP level 4. HP: 35/35 MP: 5/7
  2424 | D:2      | Killed Terence
  2425 | D:2      | Reached skill level 4 in Transmutations
  2490 | D:2      | Found a faded altar of an unknown god.
  2906 | D:3      | Noticed Ijyb
  2916 | D:3      | Killed Ijyb
  2917 | D:3      | Reached XP level 5. HP: 27/40 MP: 5/8
  3166 | D:3      | Found a runed translucent door.
  3167 | D:3      | Noticed Crazy Yiuf
  3389 | D:3      | Noticed Robin
  3419 | D:3      | Killed Robin
  3440 | D:3      | Reached skill level 5 in Transmutations
  3970 | D:4      | Noticed an ogre
  3985 | D:4      | Killed an ogre
  3986 | D:4      | Reached XP level 6. HP: 41/47 MP: 3/9
  4002 | D:4      | Reached skill level 6 in Transmutations
  4025 | D:4      | Learned a level 4 spell: Ice Form
  4111 | D:4      | Reached skill level 1 in Ice Magic
  4164 | D:4      | Noticed Eustachio
  4187 | D:4      | Slain by Eustachio

Illustrated notes

Levels and vault maps discovered:
D:1:      dpeg_arrival_leaves_temple_mockup, layout_loops_corners,
          nicolae_grassy_gnolls
D:2:      layout_loops_cross, nicolae_ecumenical_lake_church, uniq_terence,
          uniq_jessica
D:3:      layout_basic, minmay_statues_item, uniq_ijyb, uniq_crazy_yiuf_cottage,
          uniq_robin
D:4:      cheibrodos_barr_body, layout_loops_ring, kennysheep_decorative_pillar,
          minmay_manual_macuahuitl, uniq_eustachio

Skill      XL: |  1  2  3  4  5  6 |
---------------+-------------------+-----
Transmutations | 3 4 5 6 |  6.2
Unarmed Combat | 4 |  4.0
Ice Magic      | 1 |  1.3
Fighting       | |  1.1
Dodging        | |  1.7
Spellcasting   | |  2.0

Action                   |  1- 3 |  4- 6 || total
-------------------------+-------+-------++-------
Melee: Unarmed           |    77 |   119 ||   196
       Kick              |    12 |    21 ||    33
       Tailslap          |    11 |     9 ||    20
       Headbutt          |     7 |     9 ||    16
       Punch             |     2 |     3 ||     5
Throw: Dart              |       |     4 ||     4
 Cast: Beastly Appendage |    22 |    20 ||    42
       Spider Form       |       |     5 ||     5
Evoke: Wand              |       |     1 ||     1
 Stab: Sleeping          |     1 |     2 ||     3
       Paralysed         |       |     9 ||     9
Armor: Skin              |    19 |    16 ||    35
Dodge: Dodged            |    49 |    50 ||    99
